AoeStats
← _IMPERUS

Lombardia

510219157Analyzed
2v2 RM · 1d ago on Sep 30, 2026· 72m 47s· 4 players
Game mode
Random Map
Map size
Medium (4 player)
Population
200
Speed
Normal
Resources
Standard
Victory
Conquest
Starting age
Dark Age
Ending age
Imperial Age
RankedLock teamsTeams togetherTeam positionsShared explorationLock speedFull tech treeHidden civsTurbo modeCheats
Victory
Defeat
🇧🇷 Portuguese · Brazil
601
+12
🇧🇷 Britons · Brazil
597
+12
🇺🇸 Hindustanis · United States
552
-14
🇧🇷 Persians · Brazil
461
-10
Jotape
9:22 Loom
11:18 Feudal Age
12:56 Wheelbarrow
14:17 Double-Bit Axe
16:55 Town Watch
25:23 Castle Age
24:40 Stone Mining
24:42 Gold Mining
25:19 Padded Archer Armor
27:39 Bow Saw
27:17 Horse Collar
29:12 Hand Cart
29:10 Caravan
30:54 Husbandry
32:08 Treadmill Crane
33:32 Town Patrol
32:59 Crossbowman
34:37 Gold Shaft Mining
35:35 Fortified Wall
35:34 Heavy Plow
37:13 Ballistics
38:01 Scale Barding Armor
37:48 Fletching
38:16 Leather Archer Armor
39:08 Forging
43:48 Iron Casting
43:13 Murder Holes
43:11 Pikeman
43:53 Squires
49:30 Imperial Age
47:00 Fletching
47:33 Bodkin Arrow
47:40 Scale Mail Armor
49:47 Yeomen
49:40 Scale Barding Armor
49:51 Chain Mail Armor
51:16 Blast Furnace
50:20 Bracer
51:52 Two-Man Saw
51:29 Conscription
51:53 Ring Archer Armor
52:40 Chemistry
53:12 Plate Mail Armor
53:03 Chain Barding Armor
52:41 Halberdier
53:08 Arson
55:58 Plate Barding Armor
55:38 Onager
57:00 Siege Engineers
56:43 Arrowslits
57:45 Arbalester
60:14 Warwolf
61:22 Elite Longbowman
66:00 Cavalier
73:36 Hoardings
_IMPERUS
0:48 Loom
14:28 Feudal Age
15:30 Double-Bit Axe
16:40 Horse Collar
16:53 Stone Mining
17:26 Gold Mining
19:48 Wheelbarrow
19:40 Town Watch
21:19 Arson
26:43 Castle Age
24:13 Man-at-Arms
25:15 Fletching
26:44 Scale Barding Armor
27:22 Scale Mail Armor
28:44 Hand Cart
28:46 Bow Saw
29:00 Bodkin Arrow
29:55 Padded Archer Armor
30:23 Heavy Plow
35:29 Ballistics
37:12 Masonry
40:10 Imperial Age
38:49 Chain Mail Armor
38:33 Guard Tower
38:34 Heated Shot
39:26 Stone Shaft Mining
39:24 Long Swordsman
39:51 Gambesons
40:25 Leather Archer Armor
40:22 Forging
39:56 Treadmill Crane
40:22 Circumnavigation
41:59 Chemistry
41:45 Architecture
42:01 Conscription
41:17 Sappers
42:05 Pikeman
43:23 Arquebus
45:37 Fortified Wall
47:15 Iron Casting
47:58 Keep
47:54 Halberdier
47:55 Two-Handed Swordsman
49:55 Plate Mail Armor
50:31 Blast Furnace
49:52 Chain Barding Armor
50:35 Ring Archer Armor
51:02 Champion
52:45 Plate Barding Armor
53:12 Bracer
53:11 Murder Holes
53:50 Cavalier
54:31 Husbandry
54:54 Guilds
55:35 Light Cavalry
56:26 Bloodlines
57:19 Onager
60:49 Elite Skirmisher
60:49 Crossbowman
61:35 Thumb Ring
YBiel21
0:57 Loom
12:26 Feudal Age
14:40 Wheelbarrow
13:54 Double-Bit Axe
20:59 Castle Age
19:28 Bloodlines
20:18 Scale Barding Armor
21:35 Husbandry
23:33 Forging
24:26 Chain Barding Armor
25:42 Bow Saw
27:25 Iron Casting
27:21 Hand Cart
34:45 Imperial Age
35:56 Conscription
35:44 Heavy Camel Rider
38:27 Two-Man Saw
37:12 Horse Collar
38:10 Gold Mining
38:35 Stone Mining
40:29 Plate Barding Armor
40:56 Blast Furnace
49:08 Scale Mail Armor
57:15 Stone Shaft Mining
57:16 Gold Shaft Mining
57:32 Caravan
58:47 Heavy Scorpion
62:01 Citadels
63:47 Ballistics
64:36 Chemistry
NWI Nutball
12:18 Feudal Age
13:09 Loom
15:34 Wheelbarrow
14:46 Loom
17:35 Double-Bit Axe
17:55 Horse Collar
24:14 Town Watch
23:54 Man-at-Arms
24:20 Arson
26:41 Gold Mining
26:42 Stone Mining
32:21 Castle Age
30:38 Forging
30:30 Scale Mail Armor
30:30 Fletching
30:43 Padded Archer Armor
30:54 Scale Mail Armor
33:32 Hand Cart
33:31 Town Patrol
33:49 Thumb Ring
33:05 Crossbowman
33:07 Elite Skirmisher
39:26 Caravan
41:21 Gold Shaft Mining
41:27 Stone Shaft Mining
41:39 Heavy Plow
42:20 Iron Casting
41:51 Bodkin Arrow
44:03 Bow Saw
45:00 Squires
44:22 Long Swordsman
44:23 Pikeman
45:55 Fervor
46:06 Sanctity
49:57 Imperial Age
50:16 Siege Elephant
52:10 Chemistry
51:17 Siege Engineers
51:35 Ballistics
51:24 Murder Holes
51:27 Guard Tower
52:02 Masonry
54:43 Scale Barding Armor
55:39 Blast Furnace
54:55 Chain Mail Armor
55:08 Leather Archer Armor
55:15 Bracer
62:26 Shatagni
62:48 Conscription
63:27 Grand Trunk Road
65:23 Hoardings
67:20 Chain Barding Armor
67:32 Ring Archer Armor
Connection lost

Rejoining the realm…

Still unreachable

The connection could not be restored.

Session expired

The server has moved on; the page needs a fresh start.